Map: Invader LE

Players

llllllllllll - Winner!

  • Race: Protoss Protoss
  • League: Master

Miszu

  • Race: Terran Terran
  • League: Master

VOD

Have the link to the VOD?

Description

Time

  • Played on: March 29, 2016, 4:40 p.m.
  • Length: 8:37
Show
View Real Time Build Order
Export as new Build Order

llllllllllll Protoss - Winner!

Build Orders: 1 Gate Expand, Oracle Opening 

Get SALT Encoding   

  12  0:01  Probe (Chrono Boost)  
  13  0:11  Probe (Chrono Boost)  
  14  0:18  Pylon  
  14  0:22  Probe (Chrono Boost)  
  15  0:36  Probe (Chrono Boost)  
  15  0:38  Gateway  
  15  0:42  Assimilator  
  16  0:47  Probe (Chrono Boost)  
  17  0:57  Probe (Chrono Boost)  
  18  1:08  Probe (Chrono Boost)  
  19  1:18  Probe (Chrono Boost)  
  19  1:25  Nexus  
  20  1:33  Cybernetics Core  
  20  1:35  Probe (Chrono Boost)  
  21  1:42  Assimilator  
  21  1:46  Probe (Chrono Boost)  
  22  1:50  Pylon  
  22  1:56  Probe (Chrono Boost)  
  23  2:09  Adept, Warp Gate, Probe (Chrono Boost)  
  26  2:19  Probe (Chrono Boost)  
  27  2:28  Stargate  
  28  2:30  Probe (Chrono Boost)  
  29  2:37  Probe (Chrono Boost)  
  29  2:40  Probe (Chrono Boost)  
  30  2:47  Probe (Chrono Boost)  
  30  2:49  Adept  
  30  2:51  Probe (Chrono Boost)  
  34  2:58  Probe (Chrono Boost)  
  35  3:01  Probe (Chrono Boost)  
  35  3:05  Pylon  
  36  3:07  Probe (Chrono Boost)  
  36  3:11  Oracle (Chrono Boost)  
  36  3:12  Probe (Chrono Boost)  
  41  3:17  Probe  
  42  3:24  Assimilator, Probe  
  43  3:27  Assimilator  
  43  3:28  Probe  
  44  3:36  Probe (Chrono Boost)  
  44  3:39  Probe (Chrono Boost)  
  44  3:41  Pylon  
  46  3:48  Probe (Chrono Boost)  
  47  3:51  Probe (Chrono Boost)  
  48  3:58  Probe (Chrono Boost)  
  48  4:01  Stargate, Probe (Chrono Boost)  
  48  4:02  Fleet Beacon  
  50  4:09  Probe (Chrono Boost)  
  51  4:12  Probe (Chrono Boost)  
  52  4:19  Probe (Chrono Boost)  
  51  4:24  Probe (Chrono Boost)  
  51  4:30  Gateway  
  51  4:31  Protoss Air Weapons Level 1, Gateway  
  51  4:33  Adept  
  51  4:35  Probe (Chrono Boost)  
  54  4:39  Pylon  
  55  4:45  Tempest (Chrono Boost)  
  55  4:50  Tempest (Chrono Boost)  
  62  4:57  Pylon  
  62  5:01  Mothership Core  
  64  5:07  Gateway  
  64  5:24  Tempest (Chrono Boost)  
  68  5:35  Tempest (Chrono Boost)  
  72  5:40  Adept, Nexus  
  72  5:41  Adept  
  72  5:42  Pylon  
  76  5:56  Pylon  
  76  6:01  Tempest (Chrono Boost)  
  80  6:10  Adept x3  
  86  6:13  Pylon  
  86  6:30  Adept  
  86  6:31  Adept x3  
  91  6:37  Pylon  
  91  6:39  Twilight Council, Pylon  
  91  6:54  Pylon  
  91  6:55  Tempest (Chrono Boost)  
  91  7:01  Pylon  
  95  7:03  Tempest (Chrono Boost)  
  95  7:05  Adept  
  101  7:12  Nexus  
  101  7:13  Pylon  
  101  7:21  Adept x3  
  107  7:30  Tempest  
  111  7:40  Adept  
  111  7:41  Adept  
  111  7:42  Adept  
  117  7:45  Adept  
  115  8:18  Probe  
  115  8:19  Probe  
  117  8:23  Probe  
Show
View Real Time Build Order
Export as new Build Order

Miszu Terran 

Build Orders: Reaper Expand, MMM Bio 

Get SALT Encoding   

  12  0:00  SCV  
  13  0:12  SCV  
  14  0:18  Supply Depot  
  14  0:25  SCV  
  15  0:39  SCV  
  15  0:42  Barracks  
  16  0:46  Refinery  
  16  0:51  SCV  
  17  1:03  SCV  
  18  1:17  SCV  
  19  1:29  Orbital Command  
  19  1:30  Reaper  
  20  1:45  Command Center  
  20  1:55  SCV  
  21  2:03  Supply Depot  
  21  2:04  Barracks Reactor  
  21  2:07  SCV  
  22  2:16  Refinery  
  22  2:19  SCV  
  23  2:28  Factory  
  23  2:31  SCV  
  24  2:39  Marine x2  
  24  2:43  SCV  
  27  2:48  Barracks  
  27  2:55  SCV  
  27  2:57  Marine x2  
  30  3:03  Barracks  
  30  3:06  Orbital Command  
  30  3:11  SCV  
  31  3:14  Factory Tech Lab  
  31  3:19  Marine  
  30  3:23  SCV  
  32  3:31  Marine  
  32  3:34  Cyclone  
  36  3:35  SCV x2  
  36  3:37  Marine  
  36  3:39  Barracks Tech Lab  
  39  3:47  SCV  
  40  3:49  Marine  
  40  3:52  Marine  
  42  3:59  Marine x2, Stimpack  
  44  4:03  Starport  
  44  4:07  Marine  
  45  4:11  SCV  
  45  4:13  SCV  
  45  4:14  Factory Reactor  
  45  4:24  SCV  
  46  4:29  Supply Depot  
  46  4:33  Supply Depot  
  46  4:35  Refinery  
  46  4:36  Engineering Bay  
  46  4:50  Marine x4  
  46  4:51  SCV x2  
  46  4:52  Supply Depot  
  52  4:57  Medivac x2  
  56  5:03  SCV x2  
  58  5:09  Marauder x2  
  58  5:14  Marine x2  
  64  5:15  Supply Depot, SCV  
  64  5:16  Terran Infantry Weapons Level 1  
  64  5:17  SCV  
  66  5:27  SCV  
  67  5:37  Marine x3, Marauder  
  67  5:38  SCV  
  67  5:39  Supply Depot, SCV  
  74  5:43  Combat Shields  
  67  5:54  Marine  
  67  5:55  Marine  
  70  5:59  Viking  
  70  6:00  Viking  
  72  6:12  Marine x2  
  72  6:15  Marine  
  72  6:16  Marine  
  68  6:29  Viking  
  68  6:30  Marine x2  
  72  6:33  Marine x2  
  69  6:48  Marine x2  
  69  6:50  Marine  
  69  6:51  Marine  
  70  6:56  Viking  
  70  6:58  Viking  
  73  7:06  Marine  
  75  7:09  Marine x2, Marauder  
  76  7:26  Marine  
  76  7:27  Marine  
  78  7:30  Marine  
  77  7:37  Medivac x2  
  75  7:44  Marine  
  75  7:45  Marine, SCV x2  
  75  7:47  Marine  
  75  7:50  Barracks  
  80  7:53  Barracks  
  78  8:02  Marine x2  
  78  8:05  Marine  
Tags
 
Add a new tag
Caveats
  • Supply blocks, unpowered buildings, or Contaminate may cause inaccurate times.
  • Supply counts are checked every 10 seconds.